 Dungeon Crawl Stone Soup version 0.29.0-13-gc9e81de378 (webtiles) character file.

Game seed: 8847843326976950681

113 QueenGhuleh the Chopper (level 4, 0/41 HPs)
             Began as a Minotaur Berserker on Sept 8, 2022.
             Was a Believer of Trog.
             Succumbed to an adder's poison
             ... on level 3 of the Dungeon.
             The game lasted 00:04:37 (2591 turns).

QueenGhuleh the Chopper (Minotaur Berserker)        Turns: 2591, Time: 00:04:38

Health: 0/41       AC:  2    Str: 24    XL:     4   Next: 65%
Magic:  3/3        EV: 12    Int:  4    God:    Trog [**....]
Gold:   127        SH:  0    Dex:  9    Spells: 3/3 levels left

rFire   . . .      SeeInvis .   q - +0 flail
rCold   . . .      Faith    .   (no shield)
rNeg    . . .      Spirit   .   b - +0 animal skin
rPois   .          Reflect  .   (helmet restricted)
rElec   .          Harm     .   (no cloak)
rCorr   .          Rampage  .   (no gloves)
Will    .....                   (no boots)
Stlth   +.........              (no amulet)
HPRegen 0.13/turn               (no ring)
MPRegen 0.08/turn               (no ring)

@: lethally poisoned (0 -> -2), on berserk cooldown, slowed, very slow
A: horns 2, retaliatory headbutt
a: Renounce Religion, Berserk, Trog's Hand


You were on level 3 of the Dungeon.
You worshipped Trog.
Trog was pleased with you.
You visited 1 branch of the dungeon, and saw 3 of its levels.

You collected 127 gold pieces.

Inventory:

Hand Weapons
 a - a +0 hand axe
 q - a +0 flail (weapon)
Armour
 b - a +0 animal skin (worn)
Scrolls
 d - a scroll of fog {unknown}
 f - a scroll of immolation {unknown}
 g - 2 scrolls of blinking {unknown}
 j - a scroll of teleportation {unknown}
 m - 2 scrolls of identify {unknown}
 p - a scroll of noise {unknown}
Potions
 c - a potion of haste {unknown}
 e - 2 potions of curing {unknown}
 h - a potion of lignification {unknown}
 i - 2 potions of mutation {unknown}
 k - 2 potions of degeneration {unknown}
 l - 2 potions of attraction {unknown}
 n - a potion of invisibility {unknown}
 o - a potion of magic {unknown}
 r - 2 potions of heal wounds {unknown}
 s - a potion of flight {unknown}


   Skills:
 + Level 4.7 Fighting
 + Level 4.9 Axes
 + Level 0.1(2.9) Maces & Flails
 + Level 2.8 Armour
 + Level 3.0 Dodging
 + Level 0.6 Stealth


You had 3 spell levels left.
You didn't know any spells.
Your spell library was empty.

Dungeon Overview and Level Annotations

Branches:
Dungeon (3/15)

Altars:


Innate Abilities, Weirdness & Mutations

You have a pair of horns on your head.
You reflexively headbutt those who attack you in melee.


Message History

The adder is severely wounded.
You feel sick. The adder completely misses you. The rat barely misses you.
The bat closely misses you.
You closely miss the adder.
The adder is severely wounded.
* * * LOW HITPOINT WARNING * * *
You feel sick. The bat misses you. The adder barely misses you.
The rat closely misses you.
You barely miss the adder.
The adder is severely wounded.
You feel sick. The bat closely misses you.
The adder bites you but does no damage. The rat bites you but does no damage.
The adder misses you.
You barely miss the adder.
The adder is severely wounded.
You feel sick. The bat closely misses you. You furiously retaliate!
You headbutt the bat!
You kill the bat!
Trog accepts your kill. The adder barely misses you. The rat bites you.
* * * LOW HITPOINT WARNING * * *
You barely miss the adder.
The adder is severely wounded.
* * * LOW HITPOINT WARNING * * *
You feel sick. The adder barely misses you. You furiously retaliate!
You headbutt the adder!
You kill the adder!
Trog accepts your kill.
Your Dodging skill increases to level 3!
Found 15 gold pieces.
The rat bites you but does no damage.
You feel a strong urge to attack something.
You are no longer berserk.
You are exhausted.
You feel yourself slow down.
* * * LOW HITPOINT WARNING * * *
You feel sick.
You hit the rat.
You kill the rat!
Trog accepts your kill.
You die...

........#... ...........
#.......... #..........
#.......... #..........
#†......... #.†@.......
######..........
#########....#..........
........'....'....[...$.
#########.)..#..........
#########....######.....
#............# ..... #
#.......).÷..# ..... #.
#............# #.


There were no monsters in sight!

Vanquished Creatures
  3 adders
  3 worms (D:2)
  A dart slug (D:1)
  6 orcs (D:3)
  4 bats
  6 endoplasms
  2 giant cockroaches
  A goblin (D:3)
  8 hobgoblins
  4 jackals (D:3)
  6 kobolds
  2 quokkas
  10 ball pythons
  5 frilled lizards
  4 rats
65 creatures vanquished.

Vanquished Creatures (others)
  4 plants (D:2)
4 creatures vanquished.

Grand Total: 69 creatures vanquished

Notes
Turn   | Place    | Note
-------+----------+-------------------------------------------
     0 | D:1      | QueenGhuleh the Minotaur Berserker began the quest for the
                  | Orb.
     0 | D:1      | Reached XP level 1. HP: 19/19 MP: 0/0
   290 | D:1      | Reached XP level 2. HP: 26/27 MP: 1/1
   881 | D:1      | Reached ** piety under Trog
  1009 | D:1      | Found a faded altar of an unknown god.
  1176 | D:2      | Reached XP level 3. HP: 23/33 MP: 2/2
  1996 | D:3      | Found the +6 lightning scales {swift, rElec}
  2032 | D:3      | Reached XP level 4. HP: 29/41 MP: 3/3
  2588 | D:3      | HP: 3/61 [poisoned by an adder]
  2590 | D:3      | HP: 1/41 [poisoned by an adder]
  2591 | D:3      | Succumbed to an adder's poison

Illustrated notes

Levels and vault maps discovered:
D:1:      dpeg_arrival_tiny_a, layout_basic, dilly_ecumenical_altar_fadedgnrine,
          chequers_serial_rivers_micro_b, minmay_octomino_e4
D:2:      layout_rooms, chequers_big_river
D:3:      layout_basic

Skill      XL: |  1  2  3  4 |
---------------+-------------+-----
Axes           | 4 |  4.9
Fighting       | 4 |  4.7
Dodging        | 3 |  3.0
Maces & Flails | |  0.1
Armour         | |  2.8
Stealth        | |  0.6

Action                   |  1- 3 |  4- 6 || total
-------------------------+-------+-------++-------
Melee: Hand axe          |    97 |     4 ||   101
       Headbutt          |    10 |     6 ||    16
       Punch             |     1 |     1 ||     2
       Flail             |       |    38 ||    38
Invok: Berserk           |       |     3 ||     3
 Stab: Sleeping          |     1 |       ||     1
Armor: Animal skin       |    14 |    15 ||    29
Dodge: Dodged            |    67 |    63 ||   130
